 Dungeon Sprint DCSS version 0.24-a0-201-gf205589 (webtiles) character file.

Game seed: 17380186663021358453

443 uristmcmibe the Cleaver (level 6, -7/67 HPs)
             Began as a Minotaur Berserker on Mar 26, 2019.
             Was an Elder of Trog.
             Killed from afar by a deep elf mage (24 damage)
             ... with a stone arrow
             ... in the Dungeon (Sprint VII: "The Pits").
             The game lasted 00:01:30 (503 turns).

uristmcmibe the Cleaver (Minotaur Berserker)         Turns: 503, Time: 00:01:31

Health: -7/67      AC: 13    Str: 24    XL:     6   Next: 71%
Magic:  5/5        EV: 10    Int:  4    God:    Trog [****..]
Gold:   0          SH:  0    Dex:  9    Spells: 5/5 levels left

rFire    . . .     SeeInvis .   o - +2 hand axe (freeze)
rCold    . . .     Gourm    .   (no shield)
rNeg     . . .     Faith    .   n - +3 chain mail
rPois    .         Spirit   .   (helmet restricted)
rElec    .         Reflect  .   (no cloak)
rCorr    .         Harm     .   (no gloves)
MR       .....     NoTele   +   (no boots)
Stlth    ..........             (no amulet)
HPRegen  0.21/turn              (no ring)
MPRegen  0.09/turn              (no ring)

@: no status effects
A: retaliatory headbutt, horns 2
a: Berserk, Trog's Hand, Brothers in Arms, Renounce Religion


You were in the Dungeon.
You worshipped Trog.
Trog was greatly pleased with you.
You were not hungry.

You visited 1 branch

Inventory:

Hand Weapons
 o - a +2 hand axe of freezing (weapon)
Armour
 n - a +3 chain mail (worn)
Scrolls
 i - a scroll of blinking
 k - 3 scrolls of remove curse
 l - a scroll of summoning
Potions
 d - 6 potions of curing
 e - 6 potions of heal wounds
 f - a potion of haste
 g - 4 potions of magic
 h - 3 potions of berserk rage
 j - 2 potions of invisibility
Comestibles
 c - 9 rations


   Skills:
 + Level 10.9 Fighting
 + Level 11.2 Axes
 + Level 6.0 Armour
 + Level 6.0 Dodging
 + Level 1.4 Stealth


You had 5 spell levels left.
You didn't know any spells.
Your spell library was empty.

Dungeon Overview and Level Annotations

Branches:
Dungeon (1/1)

Altars:


Innate Abilities, Weirdness & Mutations

You reflexively headbutt those who attack you in melee.
You have a pair of horns on your head.


Message History

The deep elf mage hits you but does no damage.
You hit the deep elf mage. You freeze the deep elf mage.
The deep elf mage is almost dead.
The deep elf mage casts a spell.
The deep elf mage blinks!
The deep elf mage gestures wildly while chanting.
The deep elf mage gestures wildly while chanting.
The deep elf mage blinks!
There is an open door to the Storerooms (Easy) here.
The earth elemental hits you!
The deep elf mage mumbles some strange words.
The deep elf mage blinks!
The deep elf mage gestures wildly while chanting.
The deep elf mage blinks!
The earth elemental hits you.
* * * LOW HITPOINT WARNING * * *
The deep elf mage casts a spell.
There is an open door to the Entrance Hall (Safe) here.
The deep elf mage gestures at you while chanting.
The stone arrow hits you!!
You die...

########+##...........
?(.')))'.##......#..#
########.##..........
..........'...........
#####'#####......#..#.
#..#.).'.##..E........
#..#...#.#####'#####+
#.)#####.##.......#
#..'...#.##.....@.#
#..รท..)'.##....Ee.#
#..########...<...#
#..[.)))[##.......#
#..#.))).##.......#
###########.......#
).....# #########
..#...# ..# .#


You could see 2 earth elementals and a deep elf mage.

Vanquished Creatures
  A warg (D)
  A porcupine (D)
  A centaur (D)
  Crazy Yiuf (D)
  A worker ant (D)
  An adder (D)
  An ufetubus (D)
  An ooze (D)
  A leopard gecko (D)
  An orc (D)
  A goblin (D)
  A hobgoblin (D)
  A kobold (D)
13 creatures vanquished.

Vanquished Creatures (collateral kills)
  A phantom (D)
1 creature vanquished.

Grand Total: 14 creatures vanquished

Notes
Turn   | Place    | Note
-------+----------+-------------------------------------------
     0 | D        | uristmcmibe the Minotaur Berserker began the quest for the
                  | Orb.
     0 | D        | Reached XP level 1. HP: 19/19 MP: 0/0
    10 | D        | Reached skill level 4 in Axes
    44 | D        | Reached ** piety under Trog
    51 | D        | Noticed a worker ant
    60 | D        | Killed a worker ant
    60 | D        | Reached skill level 5 in Fighting
    60 | D        | Reached skill level 5 in Axes
    60 | D        | Reached XP level 2. HP: 10/30 MP: 1/1
   309 | D        | Reached skill level 6 in Axes
   309 | D        | Reached XP level 3. HP: 37/37 MP: 2/2
   310 | D        | Reached *** piety under Trog
   431 | D        | Noticed a warg
   432 | D        | Noticed a phantom
   432 | D        | Noticed a deep elf mage
   432 | D        | Noticed Crazy Yiuf
   433 | D        | Noticed a centaur
   435 | D        | Killed a warg
   435 | D        | Reached skill level 8 in Axes
   435 | D        | Reached XP level 4. HP: 37/49 MP: 3/3
   435 | D        | Reached XP level 5. HP: 42/56 MP: 4/4
   436 | D        | Noticed a porcupine
   437 | D        | Killed a centaur
   437 | D        | Reached skill level 9 in Axes
   437 | D        | Reached skill level 5 in Dodging
   437 | D        | Reached skill level 1 in Stealth
   440 | D        | Killed a porcupine
   440 | D        | Reached **** piety under Trog
   440 | D        | Reached skill level 10 in Fighting
   440 | D        | Reached skill level 10 in Axes
   440 | D        | Reached skill level 5 in Armour
   440 | D        | Reached XP level 6. HP: 66/66 MP: 5/5
   443 | D        | Killed Crazy Yiuf
   460 | D        | Reached skill level 11 in Axes
   503 | D        | Killed from afar by a deep elf mage

Levels and vault maps discovered:
D:        pitsprint [storerooms_1, entrance_room_1, metal_vault_4, armoury_2,
          mini_pit_1, grid_room_1, main_hall_1, silver_pit, the_coven_3,
          the_vestibule_1, steel_vault_5, golden_pit, hallway_of_sentries,
          crystal_vault_5, iron_vault_5, final_vault]

Skill      XL: |  1  2  3  4  5  6 |
---------------+-------------------+-----
Fighting       | 5 6 8 10 | 10.9
Axes           | 5 6 8 10 11 | 11.2
Armour         | 3 4 5 6 |  6.0
Dodging        | 3 4 5 6 |  6.0
Stealth        | 1 |  1.4

Action                   |  1- 3 |  4- 6 || total
-------------------------+-------+-------++-------
Melee: Hand axe          |    17 |    14 ||    31
       Headbutt          |     3 |     5 ||     8
Invok: Berserk           |     1 |     1 ||     2
       Trog's Hand       |     1 |       ||     1
       Brothers in Arms  |       |     1 ||     1
  Eat: Chunk             |       |     1 ||     1
Armor: Animal skin       |     2 |       ||     2
       Chain mail        |     2 |     8 ||    10
Dodge: Dodged            |    16 |     6 ||    22

Table legend:
 A = Non-vault XP
 B = Vault XP
 C = Vault XP percentage of total XP
 D = Non-vault monster count
 E = Vault monster count
 F = Vault count percentage of total count
                 A         B        C        D         E       F
            +---------+---------+-------+---------+---------+-------
      Total |       0 |     633 | 100.0 |       0 |      14 | 100.0
            +---------+---------+-------+---------+---------+-------
          D |       0 |     633 | 100.0 |       0 |      14 | 100.0
            +---------+---------+-------+---------+---------+-------
